TOP OF THE 1ST |
Eau Claire Esquires batting - Pitching for Chula Vista Tacos : RHP Manny Cook
|
Pitching: RHP Manny Cook
|
|
Batting: LHB Matt Taylor
|
0-0: Ball 1-0: Ball 2-0: Ball 3-0: Called Strike 3-1: Base on Balls
|
Batting: LHB Johnny Foley
|
0-0: Fielders Choice at 2nd, 5-4 (Groundball, 56)
|
Batting: RHB River Cunningham
|
0-0: Ball 1-0: Swinging Strike 1-1: Ball 2-1: Ball 3-1: Called Strike 3-2: Ground out 6-3 (Groundball, 6S) Johnny Foley to second
|
Batting: SHB Paul Davenport
|
0-0: Ball 1-0: Ball 2-0: Ball 3-0: Base on Balls
|
Batting: RHB Tom McBride
|
0-0: Ball 1-0: Swinging Strike 1-1: Ball 2-1: Fielders Choice at 2nd, 6-4 (Groundball, 6)
|
Top of the 1st over - 0 runs, 0 hits, 0 errors, 2 left on base; Eau Claire 0 - Chula Vista 0 |
BOTTOM OF THE 1ST |
Chula Vista Tacos batting - Pitching for Eau Claire Esquires : RHP Dave Martin
|
Pitching: RHP Dave Martin
|
|
Batting: RHB Gonzalo García
|
0-0: SINGLE (Line Drive, 8LS)
|
Batting: RHB Eric Schroeder
|
0-0: Foul Ball, location: 2F 0-1: Ball 1-1: Ball Gonzalo García steals 2nd base 2-1: Foul Ball, location: 2F 2-2: Strikes out looking
|
Batting: LHB Dale Miller
|
0-0: Called Strike 0-1: Foul Ball, location: 2F 0-2: Ground out 6-3 (Groundball, 6)
|
Batting: RHB Valentín Saldaña
|
0-0: Called Strike 0-1: Foul Ball, location: 2F 0-2: Ball 1-2: Strikes out swinging
|
Bottom of the 1st over - 0 runs, 1 hit, 0 errors, 1 left on base; Eau Claire 0 - Chula Vista 0 |
TOP OF THE 2ND |
Eau Claire Esquires batting - Pitching for Chula Vista Tacos : RHP Manny Cook
|
Batting: LHB Caleb Ruíz
|
0-0: Ball 1-0: Ball 2-0: Foul Ball, location: 2F 2-1: Ball 3-1: Base on Balls
|
Batting: RHB Júlio Pinto
|
0-0: Ball 1-0: Swinging Strike 1-1: Foul Ball, location: 2F 1-2: Strikes out looking
|
Batting: RHB Tomás Rivera
|
0-0: Grounds into double play, U3-6 (Groundball, 3L)
|
Top of the 2nd over - 0 runs, 0 hits, 0 errors, 0 left on base; Eau Claire 0 - Chula Vista 0 |
BOTTOM OF THE 2ND |
Chula Vista Tacos batting - Pitching for Eau Claire Esquires : RHP Dave Martin
|
Batting: SHB Jared Calhoun
|
0-0: Called Strike 0-1: Ball 1-1: Fly out, F8 (Flyball, 8RD)
|
Batting: RHB Kenny Miller
|
0-0: Called Strike 0-1: Ground out 6-3 (Groundball, 6)
|
Batting: RHB Dan Salazar
|
0-0: Fly out, F8 (Flyball, 8LD)
|
Bottom of the 2nd over - 0 runs, 0 hits, 0 errors, 0 left on base; Eau Claire 0 - Chula Vista 0 |
TOP OF THE 3RD |
Eau Claire Esquires batting - Pitching for Chula Vista Tacos : RHP Manny Cook
|
Batting: RHB David Brady
|
0-0: Called Strike 0-1: Ball 1-1: Fly out, F8 (Flyball, 8RD)
|
Batting: LHB Matt Taylor
|
0-0: Ball 1-0: Ball 2-0: Ball 3-0: Base on Balls
|
Batting: LHB Johnny Foley
|
0-0: Ball 1-0: Called Strike 1-1: Swinging Strike 1-2: Ball 2-2: Ball 3-2: Base on Balls Matt Taylor to second
|
Batting: RHB River Cunningham
|
0-0: Called Strike 0-1: Swinging Strike 0-2: Strikes out swinging
|
Batting: SHB Paul Davenport
|
0-0: Ball 1-0: Ball 2-0: Called Strike 2-1: Ball 3-1: Ground out U3 (Groundball, 3)
|
Top of the 3rd over - 0 runs, 0 hits, 0 errors, 2 left on base; Eau Claire 0 - Chula Vista 0 |
BOTTOM OF THE 3RD |
Chula Vista Tacos batting - Pitching for Eau Claire Esquires : RHP Dave Martin
|
Batting: RHB Nelson Wright
|
0-0: Fly out, F8 (Flyball, 78D)
|
Batting: SHB Ethan Finley
|
0-0: Ball 1-0: Fly out, F8 (Flyball, 8RM)
|
Batting: RHB Gonzalo García
|
0-0: Ball 1-0: Foul Ball, location: 2F 1-1: Ball 2-1: Swinging Strike 2-2: Ball 3-2: Base on Balls
|
Batting: RHB Eric Schroeder
|
0-0: Ball 1-0: Called Strike 1-1: Swinging Strike 1-2: Ball 2-2: Foul Ball, location: 2F 2-2: Ball 3-2: Foul Ball, location: 2F 3-2: Strikes out swinging
|
Bottom of the 3rd over - 0 runs, 0 hits, 0 errors, 1 left on base; Eau Claire 0 - Chula Vista 0 |
TOP OF THE 4TH |
Eau Claire Esquires batting - Pitching for Chula Vista Tacos : RHP Manny Cook
|
Batting: RHB Tom McBride
|
0-0: Ball 1-0: Called Strike 1-1: SINGLE (Groundball, 6D)
|
Batting: LHB Caleb Ruíz
|
0-0: SINGLE (Groundball, 34D) Tom McBride to second
|
Batting: RHB Júlio Pinto
|
0-0: SINGLE (Groundball, 6MD) Tom McBride to third Caleb Ruíz to second
|
Batting: RHB Tomás Rivera
|
0-0: Ball 1-0: Grounds into fielders choice 2-2 (Groundball, 2L) Caleb Ruíz to third Júlio Pinto to second
|
Batting: RHB David Brady
|
0-0: Foul Ball, location: 2F 0-1: Swinging Strike 0-2: Foul Ball, location: 2F 0-2: Strikes out swinging
|
Batting: LHB Matt Taylor
|
0-0: Ball 1-0: Ball 2-0: Ball 3-0: Base on Balls Caleb Ruíz scores Júlio Pinto to third Tomás Rivera to second
|
Batting: LHB Johnny Foley
|
0-0: Ball 1-0: Ground out 4-3 (Groundball, 4MD)
|
Top of the 4th over - 1 run, 3 hits, 0 errors, 3 left on base; Eau Claire 1 - Chula Vista 0 |
BOTTOM OF THE 4TH |
Chula Vista Tacos batting - Pitching for Eau Claire Esquires : RHP Dave Martin
|
Batting: LHB Dale Miller
|
0-0: Ball 1-0: Foul Ball, location: 2F 1-1: Foul Ball, location: 2F 1-2: Ground out 4-3 (Groundball, 4)
|
Batting: RHB Valentín Saldaña
|
0-0: Called Strike 0-1: Foul Ball, location: 2F 0-2: Ball 1-2: Ground out 6-3 (Groundball, 56D)
|
Batting: SHB Jared Calhoun
|
0-0: Ball 1-0: Called Strike 1-1: SINGLE (Groundball, 4MD)
|
Batting: RHB Kenny Miller
|
0-0: Ball 1-0: SINGLE (Flyball, 9S) Jared Calhoun to second
|
Batting: RHB Dan Salazar
|
0-0: Foul Ball, location: 2F 0-1: Swinging Strike 0-2: Strikes out swinging
|
Bottom of the 4th over - 0 runs, 2 hits, 0 errors, 2 left on base; Eau Claire 1 - Chula Vista 0 |
TOP OF THE 5TH |
Eau Claire Esquires batting - Pitching for Chula Vista Tacos : RHP Manny Cook
|
Batting: RHB River Cunningham
|
0-0: Ball 1-0: Foul Ball, location: 2F 1-1: SINGLE (Groundball, 56S) (infield hit)
|
Batting: SHB Paul Davenport
|
0-0: DOUBLE (Line Drive, 78D) River Cunningham to third
|
Batting: RHB Tom McBride
|
0-0: Called Strike 0-1: Foul Ball, location: 2F 0-2: SINGLE (Line Drive, 7S) River Cunningham scores Paul Davenport to third
|
Batting: LHB Caleb Ruíz
|
0-0: Ball 1-0: Foul Ball, location: 2F 1-1: Ball 2-1: Ball 3-1: Swinging Strike 3-2: Base on Balls Tom McBride to second
|
Batting: RHB Júlio Pinto
|
0-0: Ball 1-0: DOUBLE (Line Drive, 7D) Paul Davenport scores Tom McBride scores Caleb Ruíz to third
|
Batting: RHB Tomás Rivera
|
0-0: Foul Ball, location: 2F 0-1: Ball 1-1: Called Strike 1-2: SINGLE (Groundball, 56S) (infield hit) Caleb Ruíz scores Júlio Pinto to third
|
Pitching: RHP Ignacio Rodríguez
|
|
Batting: RHB David Brady
|
0-0: Called Strike 0-1: Ball 1-1: Ball 2-1: Foul Ball, location: 2F 2-2: DOUBLE (Flyball, 89XD) Júlio Pinto scores Tomás Rivera to third Runner from 3rd tries for Home, SAFE, no throw
|
Batting: LHB Matt Taylor
|
0-0: Swinging Strike 0-1: Called Strike 0-2: Strikes out swinging
|
Batting: LHB Johnny Foley
|
0-0: Swinging Strike 0-1: Ball 1-1: Called Strike 1-2: Strikes out swinging
|
Batting: RHB River Cunningham
|
0-0: Swinging Strike 0-1: Ball 1-1: Ball 2-1: Ball 3-1: Base on Balls
|
Batting: SHB Paul Davenport
|
0-0: Ball 1-0: Ball 2-0: Foul Ball, location: 2F 2-1: Ground out 6-3 (Groundball, 4MD)
|
Top of the 5th over - 6 runs, 6 hits, 0 errors, 2 left on base; Eau Claire 7 - Chula Vista 0 |
BOTTOM OF THE 5TH |
Chula Vista Tacos batting - Pitching for Eau Claire Esquires : RHP Dave Martin
|
Batting: RHB Nelson Wright
|
0-0: Fly out, F7 (Flyball, 7S)
|
Batting: SHB Ethan Finley
|
0-0: Foul Ball, location: 2F 0-1: SINGLE (Groundball, 6MD)
|
Batting: RHB Gonzalo García
|
0-0: Ball Passed Ball! Ethan Finley to second 1-0: Called Strike 1-1: Ball Throwing error on steal attempt, E2 Ethan Finley scores 2-1: Foul Ball, location: 2F 2-2: Strikes out swinging
|
Batting: RHB Eric Schroeder
|
0-0: Called Strike 0-1: Ball 1-1: Foul Ball, location: 2F 1-2: Ground out 4-3 (Groundball, 4)
|
Bottom of the 5th over - 1 run, 1 hit, 1 error, 0 left on base; Eau Claire 7 - Chula Vista 1 |
TOP OF THE 6TH |
Eau Claire Esquires batting - Pitching for Chula Vista Tacos : RHP Ignacio Rodríguez
|
Batting: RHB Tom McBride
|
0-0: Foul Ball, location: 2F 0-1: Foul Ball, location: 2F 0-2: Ball 1-2: Ball 2-2: Ball 3-2: Foul Ball, location: 2F 3-2: Foul Ball, location: 2F 3-2: Ground out 5-3 (Groundball, 5L)
|
Batting: LHB Caleb Ruíz
|
0-0: Ground out 3-1 (Groundball, 34)
|
Batting: RHB Júlio Pinto
|
0-0: Ground out 1-3 (Groundball, P)
|
Top of the 6th over - 0 runs, 0 hits, 0 errors, 0 left on base; Eau Claire 7 - Chula Vista 1 |
BOTTOM OF THE 6TH |
Chula Vista Tacos batting - Pitching for Eau Claire Esquires : RHP Dave Martin
|
Batting: LHB Dale Miller
|
0-0: Ball 1-0: Ball 2-0: Fly out, F9 (Flyball, 9LM)
|
Batting: RHB Valentín Saldaña
|
0-0: Called Strike 0-1: Swinging Strike 0-2: Ground out 4-3 (Groundball, 4)
|
Batting: SHB Jared Calhoun
|
0-0: Ball 1-0: Ground out 4-3 (Groundball, 4M)
|
Bottom of the 6th over - 0 runs, 0 hits, 0 errors, 0 left on base; Eau Claire 7 - Chula Vista 1 |
TOP OF THE 7TH |
Eau Claire Esquires batting - Pitching for Chula Vista Tacos : RHP Ignacio Rodríguez
|
Batting: RHB Tomás Rivera
|
0-0: Ball 1-0: Foul Ball, location: 2F 1-1: Ball 2-1: Foul Ball, location: 2F 2-2: Foul Ball, location: 2F 2-2: Ball 3-2: Foul Ball, location: 2F 3-2: Base on Balls
|
Batting: RHB David Brady
|
0-0: Ball 1-0: Ball Tomás Rivera steals 2nd base 2-0: Ball 3-0: Called Strike 3-1: Foul Ball, location: 2F 3-2: SINGLE (Line Drive, 6D) Tomás Rivera to third
|
Batting: LHB Matt Taylor
|
0-0: Ball 1-0: Foul Ball, location: 2F 1-1: Ball 2-1: SINGLE (Line Drive, 34D) Tomás Rivera scores David Brady to second
|
Batting: LHB Johnny Foley
|
0-0: Ball 1-0: Foul Ball, location: 2F 1-1: Ball 2-1: Ball 3-1: Called Strike 3-2: Grounds out, U3 (Groundball, 3L) David Brady to third
|
Batting: RHB River Cunningham
|
0-0: Ball 1-0: Foul Ball, location: 2F 1-1: Ball 2-1: Ball 3-1: Base on Balls
|
Batting: SHB Paul Davenport
|
0-0: Ball 1-0: Ball 2-0: SINGLE (Line Drive, 34D) David Brady scores Matt Taylor to third River Cunningham to second
|
Batting: RHB Tom McBride
|
0-0: Fly out, F3 (Line Drive, 3S) Lined into DP, U3 (Line Drive, 3S)
|
Top of the 7th over - 2 runs, 3 hits, 0 errors, 2 left on base; Eau Claire 9 - Chula Vista 1 |
BOTTOM OF THE 7TH |
Chula Vista Tacos batting - Pitching for Eau Claire Esquires : RHP Dave Martin
|
Batting: RHB Kenny Miller
|
0-0: Called Strike 0-1: Ball 1-1: Ball 2-1: SINGLE (Flyball, 89S)
|
Batting: RHB Dan Salazar
|
0-0: SINGLE (Groundball, 56D) Kenny Miller to second
|
Batting: RHB Nelson Wright
|
0-0: Ball 1-0: Ball 2-0: Ball 3-0: Base on Balls Kenny Miller to third Dan Salazar to second
|
Batting: SHB Ethan Finley
|
0-0: Called Strike 0-1: Fly out, F7 (Flyball, 7S)
|
Batting: RHB Gonzalo García
|
0-0: Ball 1-0: Ball 2-0: Grounds into double play, 6-4-3 (Groundball, 6)
|
Bottom of the 7th over - 0 runs, 2 hits, 0 errors, 2 left on base; Eau Claire 9 - Chula Vista 1 |
TOP OF THE 8TH |
Eau Claire Esquires batting - Pitching for Chula Vista Tacos : RHP Ignacio Rodríguez
|
Batting: LHB Caleb Ruíz
|
0-0: Ball 1-0: Swinging Strike 1-1: Called Strike 1-2: Strikes out looking
|
Batting: RHB Júlio Pinto
|
0-0: Foul Ball, location: 2F 0-1: Ground out 6-3 (Groundball, 6)
|
Batting: RHB Tomás Rivera
|
0-0: Swinging Strike 0-1: Ball 1-1: SINGLE (Groundball, 6) (infield hit)
|
Batting: RHB David Brady
|
0-0: SINGLE (Line Drive, 9LM) Tomás Rivera to second Runner from 2nd tries for 3rd, SAFE, no throw
|
Batting: LHB Matt Taylor
|
0-0: Ball 1-0: Called Strike 1-1: Foul Ball, location: 2F 1-2: Ball 2-2: Foul Ball, location: 2F 2-2: Fly out, F8 (Line Drive, 8RD)
|
Top of the 8th over - 0 runs, 2 hits, 0 errors, 2 left on base; Eau Claire 9 - Chula Vista 1 |
BOTTOM OF THE 8TH |
Chula Vista Tacos batting - Pitching for Eau Claire Esquires : RHP Dave Martin
|
Now in LF: Silas Small
|
|
Now in RF: Ismael Rodríguez
|
|
Batting: RHB Eric Schroeder
|
0-0: Called Strike 0-1: Foul Ball, location: 2F 0-2: Ground out 6-3 (Groundball, 6)
|
Batting: LHB Dale Miller
|
0-0: Called Strike 0-1: Ball 1-1: Fly out, F9 (Line Drive, 9S)
|
Batting: RHB Valentín Saldaña
|
0-0: Ball 1-0: Foul Ball, location: 2F 1-1: Swinging Strike 1-2: Foul Ball, location: 2F 1-2: Ball 2-2: Ball 3-2: Foul Ball, location: 2F 3-2: Foul Ball, location: 2F 3-2: Base on Balls
|
Pitching: RHP Rich Wright
|
|
Pinch Hitting: RHB Jake Lawrence
|
0-0: Ball 1-0: Ball 2-0: Foul Ball, location: 2F 2-1: Ball 3-1: Fly out, F8 (Flyball, 8LD)
|
Bottom of the 8th over - 0 runs, 0 hits, 0 errors, 1 left on base; Eau Claire 9 - Chula Vista 1 |
TOP OF THE 9TH |
Eau Claire Esquires batting - Pitching for Chula Vista Tacos : RHP Ignacio Rodríguez
|
Pitching: RHP Pat Hanna
|
|
Now in RF: Jake Lawrence
|
|
Batting: LHB Johnny Foley
|
0-0: Ball 1-0: Called Strike 1-1: Ball 2-1: Called Strike 2-2: Ball 3-2: Base on Balls
|
Batting: RHB River Cunningham
|
0-0: Called Strike 0-1: SINGLE (Groundball, 4MD) Johnny Foley to second Runner from 2nd tries for 3rd, SAFE, no throw
|
Batting: SHB Paul Davenport
|
0-0: Ball 1-0: Swinging Strike 1-1: Fielders Choice at 2nd, 3-6 (Groundball, 3) Johnny Foley scores
|
Batting: RHB Tom McBride
|
0-0: Hit by Pitch Paul Davenport to second
|
Batting: LHB Caleb Ruíz
|
0-0: Foul Ball, location: 2F 0-1: Foul Ball, location: 2F 0-2: Ball 1-2: Ball 2-2: Foul Ball, location: 2F 2-2: Fly out, F9 (Flyball, 9S)
|
Batting: RHB Júlio Pinto
|
0-0: Fly out, F8 (Line Drive, 8LD)
|
Top of the 9th over - 1 run, 1 hit, 0 errors, 2 left on base; Eau Claire 10 - Chula Vista 1 |
BOTTOM OF THE 9TH |
Chula Vista Tacos batting - Pitching for Eau Claire Esquires : RHP Rich Wright
|
Batting: RHB Kenny Miller
|
0-0: Called Strike 0-1: Ball 1-1: Fly out, F8 (Flyball, 8LD)
|
Batting: RHB Dan Salazar
|
0-0: SINGLE (Groundball, 56D)
|
Batting: RHB Nelson Wright
|
0-0: Ball 1-0: Fielders Choice at 2nd, 4-6 (Groundball, 4)
|
Batting: SHB Ethan Finley
|
0-0: Ground out 4-3 (Groundball, 4)
|
Bottom of the 9th over - 0 runs, 1 hit, 0 errors, 1 left on base; Eau Claire 10 - Chula Vista 1 |
|